 Dungeon Crawl Stone Soup version 0.27.1-33-g824d729ab1 (webtiles) character file.

Game seed: 1503895833971836763

69 Descartes the Grasshopper (level 4, 0/19 HPs)
             Began as a Felid Warper on Dec 3, 2021.
             Slain by a jackal (3 damage)
             ... on level 2 of the Dungeon.
             The game lasted 00:07:33 (4800 turns).

Descartes the Grasshopper (Felid Warper)            Turns: 4800, Time: 00:07:34

Health: 0/19       AC:  1    Str:  8    XL:     4   Next: 2%
Magic:  8/8        EV: 18    Int: 14    God:
Gold:   65         SH:  0    Dex: 15    Spells: 5/7 levels left
                                        Lives:  0   Deaths: 1

rFire    . . .     SeeInvis +     - Unarmed
rCold    . . .     Faith    .   (shield unavailable)
rNeg     . . .     Spirit   .   (armour unavailable)
rPois    .         Reflect  .   (helmet unavailable)
rElec    .         Harm     .   (cloak unavailable)
rCorr    .         Rampage  .   (gloves unavailable)
Will     .....                  (boots unavailable)
Stlth    +.........             (no amulet)
HPRegen  0.06/turn              (no ring)
MPRegen  0.11/turn              (no ring)

@: quick
A: very small, claws 1, fangs 3, see invisible, speed 1, shaggy fur 1, stealthy
paws, no weapons or thrown items, no armour, multi-lived
a: no special abilities


You were on level 2 of the Dungeon.
You visited 1 branch of the dungeon, and saw 3 of its levels.

You collected 65 gold pieces.

Inventory:

Missiles
 b - 99 stones
Scrolls
 a - a scroll of blinking
 c - a scroll of magic mapping {unknown}
 d - 4 scrolls of identify {unknown}
 e - 3 scrolls of immolation {unknown}
 h - a scroll of fear {unknown}
 i - a scroll of amnesia {unknown}
 j - a scroll of teleportation {unknown}
Potions
 f - 2 potions of invisibility {unknown}
 g - 4 potions of curing {unknown}


   Skills:
 - Level 2.0 Fighting
 + Level 4.3 Dodging
 + Level 3.0 Unarmed Combat
 - Level 2.0 Spellcasting
 + Level 2.6 Hexes
 - Level 5.0 Translocations
 + Level 2.1 Transmutations


You had 5 spell levels left.
You knew the following spells:

 Your Spells              Type           Power      Damage    Failure   Level
a - Blink                 Tloc           N/A        N/A       4%          2

Your spell library contained the following spells:

 Spells                   Type           Power      Damage    Failure   Level
 Gell's Gravitas          Tloc           7%         N/A       9%          3
 Lesser Beckoning         Tloc           7%         N/A       9%          3
 Teleport Other           Tloc           15%        N/A       9%          3
 Slow                     Hex            8%         N/A       12%         2
 Confusing Touch          Hex            8%         N/A       24%         3
 Tukima's Dance           Hex            8%         N/A       24%         3
 Passage of Golubria      Tloc           N/A        N/A       30%         4
 Vampiric Draining        Necr           0%         2d6       56%         3
 Manifold Assault         Tloc           15%        N/A       63%         5
 Yara's Violent Unravell  Hex/Tmut       4%         3d4       94%         5


Dungeon Overview and Level Annotations

Branches:
Dungeon (3/15)

Altars:


Innate Abilities, Weirdness & Mutations

You have sharp claws.
You have razor-sharp teeth.
You have supernaturally acute eyesight. (SInv)
You cover ground quickly. (Speed+)
You are covered in fur. (AC +1)
Your paws help you pounce on unaware monsters.
You are incapable of wielding weapons or throwing items.
You cannot wear armour.
You gain extra lives every three experience levels.


Message History

You miss the adder.
The adder is heavily wounded.
The adder completely misses you.
The jackal bites you but does no damage.
You miss the adder. Your bite misses the adder.
The adder is heavily wounded.
The adder completely misses you. The jackal closely misses you.
The adder misses you.
You barely miss the adder.
The adder is heavily wounded.
The jackal completely misses you. The adder closely misses you.
You barely miss the adder.
The adder is heavily wounded.
The jackal closely misses you. The adder misses you. The jackal bites you.
You scratch the adder.
The adder is almost dead.
The adder misses you. The jackal bites you.
* * * LOW HITPOINT WARNING * * *
You scratch the adder.
You kill the adder!
The jackal completely misses you.
Your Unarmed Combat skill increases to level 3!
Welcome back to level 4!
The jackal completely misses you.
You barely miss the jackal. The jackal bites you.
* * * LOW HITPOINT WARNING * * *
The jackal barely misses you. The jackal closely misses you.
The jackal misses you. The jackal closely misses you.
The jackal closely misses you.
The gnoll shouts!
The jackal bites you.
* * * LOW HITPOINT WARNING * * *
There is a shaft here.
The jackal closely misses you. x2
The gnoll falls through a shaft!
The shaft crumbles and collapses.
The jackal completely misses you. The jackal bites you.
You die...

............)..####.#
##...##
...#................#
#####
...#...........###..#
...##########.......#
..>####### #.#####.#
...).....####.# #.#
..............# #.#
...........<#.#####.#
......#####.....@h..#
..<...########.###..##
.....................#
......##########.....#
......# #######
......# .....## ....##
#####


You could see a jackal.

Vanquished Creatures
  4 gnolls (D:2)
  3 adders (D:2)
  2 dart slugs
  An orc (D:2)
  4 endoplasms
  2 giant cockroaches
  4 goblins (D:1)
  7 hobgoblins
  4 jackals
  2 quokkas (D:1)
  2 ball pythons (D:1)
  7 bats
  5 frilled lizards
  5 kobolds
  4 rats
56 creatures vanquished.

Vanquished Creatures (others)
  A plant (D:2)
1 creature vanquished.

Grand Total: 57 creatures vanquished

Notes
Turn   | Place    | Note
-------+----------+-------------------------------------------
     0 | D:1      | Descartes the Felid Warper began the quest for the Orb.
     0 | D:1      | Reached XP level 1. HP: 9/9 MP: 4/4
   256 | D:1      | Reached XP level 2. HP: 13/13 MP: 6/6
   347 | D:1      | Learned a level 2 spell: Blink
   628 | D:1      | Reached skill level 1 in Transmutations
   978 | D:1      | Reached skill level 1 in Hexes
  1136 | D:1      | Reached XP level 3. HP: 16/16 MP: 7/7
  1532 | D:2      | Reached skill level 5 in Translocations
  3356 | D:2      | Reached XP level 4. HP: 14/15 MP: 8/8
  4414 | D:2      | Slain by a bat
  4415 | D:2      | Reached XP level 3. HP: 0/14 MP: 7/7
  4725 | D:2      | Reached XP level 4. HP: 3/19 MP: 8/8
  4800 | D:2      | Slain by a jackal

Illustrated notes

Levels and vault maps discovered:
D:1:      dpeg_arrival_solitude, layout_basic
D:2:      layout_rooms, serial_bayou_lake_a
D:3:      layout_basic, nemelex_spade_bored_becter, grunt_temple_overflow_open,
          hellmonk_ecumenical_altar_run_dry, uniq_natasha

Skill      XL: |  1  2  3  4 |
---------------+-------------+-----
Transmutations | 1 2 |  2.1
Hexes          | 1 2 |  2.6
Translocations | 5 |  5.0
Dodging        | 4 |  4.3
Unarmed Combat | 3 |  3.0
Fighting       | |  2.0
Spellcasting   | |  2.0

Action                   |  1- 3 |  4- 6 || total
-------------------------+-------+-------++-------
Melee: Unarmed           |   178 |    39 ||   217
       Bite              |    11 |     1 ||    12
 Stab: Sleeping          |     4 |       ||     4
Armor: Skin              |    11 |     1 ||    12
Dodge: Dodged            |   148 |    69 ||   217
